 Dungeon Crawl Stone Soup version 0.29.0-4-gdea44cf6ec (webtiles) character file.

Game seed: 475620809883369064

38 qw the Chopper (level 3, 0/31 HPs)
             Began as a Minotaur Berserker on Sept 8, 2022.
             Was a Follower of Trog.
             Succumbed to a kobold's poison
             ... on level 2 of the Dungeon.
             The game lasted 00:00:23 (1150 turns).

qw the Chopper (Minotaur Berserker)                 Turns: 1150, Time: 00:00:23

Health: 0/31       AC:  2    Str: 23    XL:     3   Next: 25%
Magic:  2/2        EV: 12    Int:  4    God:    Trog [*.....]
Gold:   65         SH:  0    Dex:  9    Spells: 2/2 levels left

rFire   . . .      SeeInvis .   Y - +3 hand axe
rCold   . . .      Faith    .   (no shield)
rNeg    . . .      Spirit   .   b - +0 animal skin
rPois   .          Reflect  .   (helmet restricted)
rElec   .          Harm     .   (no cloak)
rCorr   .          Rampage  .   (no gloves)
Will    .....                   (no boots)
Stlth   +.........              (no amulet)
HPRegen 0.10/turn               (no ring)
MPRegen 0.08/turn               (no ring)

@: lethally poisoned (0 -> -2)
A: horns 2, retaliatory headbutt
a: Renounce Religion, Berserk


You were on level 2 of the Dungeon.
You worshipped Trog.
Trog was aware of your devotion.
You visited 1 branch of the dungeon, and saw 2 of its levels.

You collected 65 gold pieces.


Innate Abilities, Weirdness & Mutations

You have a pair of horns on your head.
You reflexively headbutt those who attack you in melee.


   Skills:
 - Level 3.6 Fighting
 + Level 5.3 Axes
 - Level 2.4 Armour
 - Level 2.1 Dodging


You had 2 spell levels left.
You didn't know any spells.
Your spell library was empty.

Inventory:

Hand Weapons
 g - a +0 whip
 Y - a +3 hand axe (weapon)
Armour
 b - a +0 animal skin (worn)
 c - a +2 pair of boots
Scrolls
 a - a scroll of magic mapping {unknown}
Potions
 e - a potion of heal wounds {unknown}
 h - 2 potions of ambrosia {unknown}
 k - a potion of attraction {unknown}
 m - a potion of magic {unknown}

Dungeon Overview and Level Annotations

Branches:
Dungeon (2/15)

Altars:


Message History

As you read the scroll of enchant weapon, it crumbles to dust.
Your +2 hand axe glows red for a moment.
1129 ||| ENCHANTING +2 hand axe.
c - a +2 pair of boots A kobold comes into view.
It is wielding a +0 dagger of venom.
The kobold shouts!
The kobold hits you with a +0 dagger of venom.
You are poisoned.
You closely miss the kobold.
You feel sick.
The kobold hits you with a +0 dagger of venom.
You are more poisoned.
You closely miss the kobold. Your headbutt misses the kobold.
You feel very sick.
The kobold hits you with a +0 dagger of venom.
You are lethally poisoned!
The kobold barely misses you.
You closely miss the kobold. Your headbutt misses the kobold.
You feel very sick. The kobold barely misses you. You furiously retaliate!
You headbutt the kobold.
You kill the kobold!
Trog accepts your kill.
There is a lethal amount of poison in your body!
You feel very sick.
There is a lethal amount of poison in your body!
You feel sick.
There is a lethal amount of poison in your body!
You feel very sick.
There is a lethal amount of poison in your body!
You feel sick.
There is a lethal amount of poison in your body!
You feel sick.
There is a lethal amount of poison in your body!
You feel sick.
There is a lethal amount of poison in your body!
You feel sick.
There is a lethal amount of poison in your body!
You feel sick.
There is a lethal amount of poison in your body!
You die...

#.....#.#######.#......
#..##.#.........#......
#.....#.#########....<.
#.#.#.....# ...........
........#.# #######%###
#.#...#.#.# ...........
#.#####.#.# #######...)
#.......#)#.#### #####
#######.@.......
#......... #.........
#......... #.........
###.####.. .# . .#


There were no monsters in sight!

Vanquished Creatures
  An adder (D:2)
  2 endoplasms (D:1)
  3 goblins
  2 hobgoblins (D:1)
  4 kobolds
  4 quokkas (D:1)
  3 ball pythons
  3 bats (D:1)
  2 frilled lizards
  2 rats (D:1)
26 creatures vanquished.

Notes
Turn   | Place    | Note
-------+----------+-------------------------------------------
     0 | D:1      | qw the Minotaur Berserker began the quest for the Orb.
     0 | D:1      | Reached XP level 1. HP: 19/19 MP: 0/0
     0 | D:1      | 0 ||| qw: Version: 0.1-a-112-g44dc6cd
     0 | D:1      | 0 ||| qw: Game counter: 6765
     0 | D:1      | 0 ||| qw: Always use a shield: true
     0 | D:1      | 0 ||| qw: Do Orc after D:15 true
     0 | D:1      | 0 ||| qw: Do second Lair branch before Depths: true
     0 | D:1      | 0 ||| qw: Lair rune preference: random
     0 | D:1      | 0 ||| qw: Plans: Normal
     0 | D:1      | 0 ||| PLANNING D:1-11
    73 | D:1      | 73 ||| DROPPING +0 club.
   286 | D:1      | Reached skill level 4 in Axes
   364 | D:1      | 364 ||| Stepping ~*~*~tactically~*~*~ (stealth).
   366 | D:1      | 366 ||| Stepping ~*~*~tactically~*~*~ (stealth).
   371 | D:1      | Reached XP level 2. HP: 25/26 MP: 1/1
   377 | D:1      | 377 ||| Stepping ~*~*~tactically~*~*~ (stealth).
   489 | D:1      | 489 ||| Stepping ~*~*~tactically~*~*~ (stealth).
   490 | D:1      | 490 ||| Stepping ~*~*~tactically~*~*~ (stealth).
   796 | D:1      | Reached skill level 5 in Axes
   841 | D:1      | 841 ||| READING scroll labelled HUATAT GURHAR.
   842 | D:1      | 842 ||| READING scroll labelled UTWYQIVILOU.
   843 | D:1      | 843 ||| READING scroll labelled ROENO LUTA.
   844 | D:1      | 844 ||| READING scroll labelled UXEKEY HIFE.
   845 | D:1      | 845 ||| READING scroll labelled RYFIWY SOECWUU.
   946 | D:1      | 946 ||| READING 2 scrolls labelled VULARO RIJU.
   947 | D:1      | 947 ||| READING scroll of enchant weapon.
   947 | D:1      | 947 ||| ENCHANTING +1 hand axe.
   948 | D:1      | 948 ||| READING scroll labelled MUSI KUWUOTEOPP.
   978 | D:2      | 978 ||| STAIRDANCE
  1068 | D:2      | Reached XP level 3. HP: 28/31 MP: 2/2
  1129 | D:2      | 1129 ||| READING scroll of enchant weapon.
  1129 | D:2      | 1129 ||| ENCHANTING +2 hand axe.
  1144 | D:2      | HP: 6/31 [poisoned by a kobold]
  1147 | D:2      | HP: 2/31 [poisoned by a kobold]
  1150 | D:2      | Succumbed to a kobold's poison

Levels and vault maps discovered:
D:1:      mrwooster_arrival_statue, layout_basic
D:2:      layout_basic, minmay_pentomino_z4

Skill      XL: |  1  2 |
---------------+-------+-----
Axes           | 4 5 |  5.3
Fighting       | |  3.6
Armour         | |  2.4
Dodging        | |  2.1

Action                   || total
-------------------------++-------
Melee: Hand axe          ||    49
       Headbutt          ||     6
  Use: Scroll            ||     9
Armor: Animal skin       ||     4
Dodge: Dodged            ||    35

Table legend:
 A = Non-vault XP
 B = Vault XP
 C = Vault XP percentage of total XP
 D = Non-vault monster count
 E = Vault monster count
 F = Vault count percentage of total count
                 A         B        C        D         E       F
            +---------+---------+-------+---------+---------+-------
      Total |      55 |       0 |   0.0 |      26 |       0 |   0.0
            +---------+---------+-------+---------+---------+-------
        D:1 |      35 |       0 |   0.0 |      21 |       0 |   0.0
        D:2 |      20 |       0 |   0.0 |       5 |       0 |   0.0
            +---------+---------+-------+---------+---------+-------
